 Dungeon Crawl Stone Soup version 0.22-a0-392-g5dc3fd9 (webtiles) character file.

4283 iamserjio the Destroyer (level 10, -18/71 HPs)
             Began as a Barachi Wizard on May 2, 2018.
             Was a Believer of Vehumet.
             Shot with a sling bullet by something (23 damage)
             ... on level 8 of the Dungeon.
             The game lasted 00:48:58 (13285 turns).

iamserjio the Destroyer (Barachi Wizard)           Turns: 13285, Time: 00:48:59

Health: -18/71     AC:  7    Str:  9    XL:     10   Next: 32%
Magic:  0/31       EV: 12    Int: 22    God:    Vehumet [**....]
Gold:   109        SH:  0    Dex: 10    Spells: 13/26 levels left

rFire    + . .     SeeInvis .   M - +3 mace of Inenyly {drain, +Blink rF+ MR+ Str-3}
rCold    + . .     Gourm    .   (no shield)
rNeg     . . .     Faith    .   a - +0 robe
rPois    +         Spirit   +   b - +1 hat
rElec    .         Reflect  .   N - +0 cloak of Lebb {rC+ Str+3} (curse)
rCorr    .         Harm     .   (no gloves)
MR       +....                  E - +2 pair of boots "Cepykau" {rPois}
Stlth    +++.......             y - amulet of guardian spirit
HPRegen  0.21/turn              A - ring of stealth
MPRegen  0.22/turn              r - ring of magical power

@: about to teleport, slow
A: +LOS, swims, slowness 1, strong legs 1
a: Hop, Renounce Religion, Evoke Blink


You were on level 8 of the Dungeon.
You worshipped Vehumet.
Vehumet was pleased with you.
You were hungry.

You visited 2 branches of the dungeon, and saw 9 of its levels.

You collected 384 gold pieces.
You spent 275 gold pieces at shops.

Inventory:

Hand Weapons
 B - a +2 hand axe of venom
 C - a +2 falchion of flaming
 G - a +0 whip of freezing
 K - a +3 quarterstaff of chaos
 M - the +3 mace of Inenyly (weapon) {drain, +Blink rF+ MR+ Str-3}
   (You found it on level 7 of the Dungeon)

   A truly terrible weapon, it drains the life of those it strikes.
   It affects your strength (-3).
   It protects you from fire.
   It affects your resistance to hostile enchantments.
   It lets you blink.
Missiles
 x - 8 silver javelins (quivered)
Armour
 a - a +0 robe (worn)
 b - a +1 hat (worn)
 E - the +2 pair of boots "Cepykau" (worn) {rPois}
   (You bought it in a shop on level 6 of the Dungeon)

   It protects you from poison.
 N - the cursed +0 cloak of Lebb (worn) {rC+ Str+3}
   (You found it on level 8 of the Dungeon)

   It affects your strength (+3).
   It protects you from cold.
   It has a curse placed upon it.
Jewellery
 k - an uncursed ring of positive energy
 o - an uncursed amulet of guardian spirit
 r - a ring of magical power (right hand)
 u - an uncursed ring of poison resistance
 y - an amulet of guardian spirit (around neck)
 A - a ring of stealth (left hand)
 I - an uncursed amulet of the gourmand {unknown}
 J - an uncursed ring of flight
 P - an uncursed ring of ice
Wands
 e - a wand of acid (13)
 F - a wand of digging (6)
 O - a wand of polymorph (13)
Scrolls
 f - 2 scrolls of magic mapping
 g - 6 scrolls of amnesia
 n - 2 scrolls of remove curse {unknown}
 p - a scroll of fog {unknown}
 s - a scroll of random uselessness
 D - a scroll of enchant weapon {unknown}
 Q - a scroll of torment {unknown}
Potions
 c - 3 potions of brilliance
 i - a potion of might
 j - a potion of curing
 l - 4 potions of haste {unknown}
 m - a potion of resistance
 q - a potion of lignification {unknown}
 t - 3 potions of heal wounds {unknown}
 v - 2 potions of invisibility
 w - a potion of flight {unknown}
 z - 2 potions of cancellation
 H - a potion of degeneration {unknown}
Comestibles
 d - 9 rations
 L - 2 chunks of flesh


   Skills:
 + Level 4.0 Fighting
 + Level 2.1 Dodging
 - Level 1.7 Stealth
 + Level 8.7 Spellcasting
 * Level 10.0 Conjurations
 - Level 1.2 Summonings
 - Level 1.1 Translocations
 + Level 8.1 Fire Magic


You had 13 spell levels left.
You knew the following spells:

 Your Spells              Type           Power        Failure   Level  Hunger
a - Magic Dart            Conj           ####         1%          1    None
b - Call Imp              Summ           ##......     6%          2    None
c - Conjure Flame         Conj/Fire      #####...     1%          3    None
d - Mephitic Cloud        Conj/Pois/Air  ###.....     5%          3    None
e - Blink                 Tloc           N/A          7%          2    None
f - Throw Flame           Conj/Fire      #####.       1%          2    None


Dungeon Overview and Level Annotations

Branches:
Dungeon (8/15)             Temple (1/1) D:5
   Lair: D:8-11

Altars:
Ashenzari
Dithmenos
Gozag
Hepliaklqana
Makhleb
Okawaru
Ru
Trog
Uskayaw
Vehumet
Wu Jian
Zin
The Shining One

Shops:
D:6 [   D:8 (

Annotations:
D:6 2 transporters
D:8 Erica, Joseph


Innate Abilities, Weirdness & Mutations

Shadows flee at your approach. (+LOS)
You can swim through water.
You cover ground slowly.
You can hop short distances.


Message History

The orb of energy misses your crimson imp.
Your crimson imp blinks!
Your crimson imp hits Erica.
As you read the scroll of teleportation, it crumbles to dust.
You feel strangely unstable.
Your crimson imp disappears in a puff of smoke!
A sling bullet appears from out of thin air!
The sling bullet barely misses your crimson imp.
The sling bullet hits you! The sling bullet freezes you.
Your crimson imp hits Erica but does no damage.
Erica points at you and mumbles some strange words.
The orb of energy hits your crimson imp.
Your crimson imp dies!
The orb of energy explodes!
The mystic blast hits your crimson imp.
Your crimson imp dies!
The mystic blast hits you!
* * * LOW HITPOINT WARNING * * *
A sling bullet appears from out of thin air!
The sling bullet hits you!!
You die...

#.# ### ###'# ## #≈.≈###
.###≈≈@≈≈## .. ..#≈≈#.#≈≈#
#.## ..#≈..∩§§§# #..#
..#≈≈#.#§§#### ..#
..##≈≈.≈§##..###### #.##
#####≈.≈##....(.@.#######
#..# #
##+##....(@(........######..#
#
#....###.....5..............
## ######
##..............).... .###
#................... ...##
#..................# ##..###
#...................
####..###
##....{............. ##...#
#.................#


You could see Erica and a friendly crimson imp.

Vanquished Creatures
  Prince Ribbit (D:7)
  A wyvern (D:8)
  2 steam dragons (D:5)
  Eustachio (D:6)
  The ghost of Dargar the Slasher, an amateur DsGl (D:3)
  Duvessa (D:5)
  An ice beast (D:7)
  4 orc warriors
  2 ogres
  2 wolves (D:8)
  2 centaurs
  Blork the orc (D:6)
  5 bullfrogs
  Dowan (D:4)
  2 scorpions (D:8)
  11 killer bees (D:8)
  A howler monkey (D:4)
  3 crimson imps
  3 orc priests
  A gnoll shaman (D:6)
  3 jellies (D:6)
  Crazy Yiuf (D:7)
  4 hounds
  4 orc wizards
  2 bullfrog skeletons
  Jessica (D:2)
  3 iguanas
  6 worker ants
  4 hound skeletons
  A worker ant zombie (D:7)
  5 gnolls (D:6)
  4 adders
  A shadow imp (D:5)
  2 oozes
  An adder skeleton (D:7)
  A worm (D:2)
  A dart slug (D:1)
  2 leopard geckos
  31 orcs
  6 bats
  2 giant cockroaches
  5 goblins
  8 hobgoblins
  9 jackals
  6 quokkas
  4 frilled lizards
  A jackal zombie (D:8)
  4 kobolds
  A leopard gecko skeleton (D:4)
  A quokka skeleton (D:5)
  2 quokka zombies
  5 rats
177 creatures vanquished.

Vanquished Creatures (collateral kills)
  Grum (D:8)
  2 wolves (D:8)
  A howler monkey (D:2)
  2 orc wizards (D:5)
  2 adders
  5 orcs
  A quokka (D:4)
  A kobold (D:4)
15 creatures vanquished.

Vanquished Creatures (others)
  An orc warrior (D:8)
  A centaur (D:5)
2 creatures vanquished.

Grand Total: 194 creatures vanquished

Notes
Turn   | Place    | Note
-------+----------+-------------------------------------------
     0 | D:1      | iamserjio the Barachi Wizard began the quest for the Orb.
     0 | D:1      | Reached XP level 1. HP: 13/13 MP: 4/4
   819 | D:1      | Reached XP level 2. HP: 15/19 MP: 0/6
  1094 | D:1      | Learned a level 2 spell: Call Imp
  1203 | D:1      | Reached skill level 2 in Conjurations
  1683 | D:1      | Reached XP level 3. HP: 24/24 MP: 6/8
  2198 | D:2      | Learned a level 3 spell: Conjure Flame
  2416 | D:2      | Reached skill level 3 in Conjurations
  2422 | D:2      | Reached XP level 4. HP: 30/30 MP: 7/9
  2592 | D:2      | Noticed Jessica
  2599 | D:2      | Killed Jessica
  3192 | D:3      | Reached skill level 4 in Conjurations
  3273 | D:3      | Identified the Guide on Ensnaring Enhancements
  3284 | D:3      | Learned a level 3 spell: Mephitic Cloud
  3344 | D:3      | Noticed Dargar's ghost (amateur DsGl)
  3839 | D:4      | Reached XP level 5. HP: 35/35 MP: 10/11
  3939 | D:4      | Reached skill level 1 in Fire Magic
  4627 | D:4      | Found an opulent altar of Gozag.
  4741 | D:4      | Reached XP level 6. HP: 41/41 MP: 13/13
  5387 | D:4      | Reached skill level 5 in Conjurations
  5485 | D:4      | Reached skill level 5 in Spellcasting
  6339 | D:3      | Killed Dargar's ghost
  6339 | D:3      | Reached XP level 7. HP: 46/46 MP: 10/15
  6522 | D:5      | Entered Level 5 of the Dungeon
  6811 | D:5      | Found a staircase to the Ecumenical Temple.
  6817 | Temple   | Entered the Ecumenical Temple
  6885 | Temple   | Became a worshipper of Vehumet
  6957 | D:5      | Noticed Dowan
  7106 | D:5      | Reached skill level 6 in Conjurations
  7118 | D:5      | Learned a level 2 spell: Blink
  7243 | D:5      | Noticed Duvessa
  7246 | D:5      | Noticed a steam dragon
  7252 | D:5      | Killed Duvessa
  7252 | D:5      | Reached XP level 8. HP: 41/52 MP: 17/17
  7264 | D:4      | Killed Dowan
  7601 | D:5      | Found a burning altar of Makhleb.
  7676 | D:5      | Reached skill level 5 in Fire Magic
  7987 | D:5      | HP: 1/52 [steam dragon/ball of steam (18)]
  8641 | D:6      | Reached skill level 7 in Conjurations
  9330 | D:5      | Reached XP level 9. HP: 48/57 MP: 1/19
  9780 | D:6      | Noticed Eustachio
  9788 | D:6      | Noticed Blork the orc
  9789 | D:6      | Killed Eustachio
  9802 | D:6      | Killed Blork the orc
  9802 | D:6      | Reached skill level 8 in Conjurations
 10022 | D:6      | Found a transporter.
 10094 | D:6      | Found a transporter.
 10163 | D:6      | Found Gidarch's Antique Armour Shop.
 10166 | D:6      | Bought a pair of slimy boots for 275 gold pieces
 10171 | D:6      | Identified the +2 pair of boots "Cepykau" {rPois} (You bought it in a shop on level 6 of the Dungeon)
 10467 | D:7      | Noticed Prince Ribbit
 10486 | D:7      | Killed Prince Ribbit
 10486 | D:7      | Reached * piety under Vehumet
 10486 | D:7      | Offered knowledge of Freeze by Vehumet.
 10693 | D:7      | Found a burning altar of Makhleb.
 10695 | D:7      | Found an ornate altar of the Wu Jian Council.
 10747 | D:7      | Reached skill level 1 in Fighting
 11494 | D:7      | Found a sacrificial altar of Ru.
 11504 | D:7      | Reached skill level 9 in Conjurations
 11584 | D:7      | Found a runed door.
 11588 | D:7      | Noticed Crazy Yiuf
 11593 | D:7      | Killed Crazy Yiuf
 11621 | D:7      | Got a dazzling mace
 11629 | D:7      | Identified the +3 mace of Inenyly {drain, +Blink rF+ MR+ Str-3} (You found it on level 7 of the Dungeon)
 12054 | D:8      | Found Fapu's Antique Weapon Emporium.
 12144 | D:8      | Reached XP level 10. HP: 65/69 MP: 5/22
 12163 | D:8      | Noticed Joseph
 12717 | D:8      | Got a crude cloak
 12785 | D:8      | Noticed Grum
 12807 | D:8      | Killed Grum
 12907 | D:8      | Identified the cursed +0 cloak of Lebb {rC+ Str+3} (You found it on level 8 of the Dungeon)
 13009 | D:8      | Reached ** piety under Vehumet
 13017 | D:8      | Reached skill level 10 in Conjurations
 13021 | D:8      | Offered knowledge of Throw Flame by Vehumet.
 13212 | D:8      | Learned a level 2 spell: Throw Flame
 13234 | D:8      | Noticed Erica
 13285 | D:8      | Shot with a sling bullet by something

Vault maps used:
D:1:      minmay_arrival_four_circles
D:2:      corexii_corridor_pit, minmay_misc_feat_roman, kennysheep_small_spiral,
          grunt_decor_cap, uniq_jessica
D:3:      minmay_checkerbox
D:4:      grunt_gozag_statues
D:5:      kennysheep_steamy, minmay_temple_entry_enclosed_plants, first_ration,
          serial_column_ruins, column_ruins_grid_1, column_ruins_open_tiny,
          column_ruins_grid_1, bloody_makhleb, uniq_duvessa
D:6:      gammafunk_cloud_chamber, serial_shops, kennysheep_mini_moat,
          uniq_eustachio, uniq_blork_the_orc
D:7:      grunt_temple_overflow_open, grunt_ogre_cave,
          minmay_misc_feat_diagonals, uniq_crazy_yiuf_cottage,
          uniq_prince_ribbit1
D:8:      minmay_misc_feat_tower, corexii_hall_statues_t,
          kennysheep_small_circle, uniq_pikel, uniq_erica, uniq_grum,
          uniq_joseph
Temple:   dpeg_five_rooms_temple

Skill      XL: |  1  2  3  4  5  6  7  8  9 10 |
---------------+-------------------------------+-----
Conjurations   | 2 3 4 5 6 7 9 10 | 10.0
Spellcasting   | 4 5 6 7 8 |  8.7
Fire Magic     | 1 3 4 6 7 8 |  8.1
Fighting       | 2 4 |  4.0
Dodging        | |  2.1
Stealth        | |  1.7
Summonings     | |  1.2
Translocations | |  1.1

Action                   |  1- 3 |  4- 6 |  7- 9 | 10-12 || total
-------------------------+-------+-------+-------+-------++-------
Melee: Club              |    50 |     3 |       |       ||    53
       Mace              |       |     5 |       |     6 ||    11
       Hand axe          |       |     9 |     5 |       ||    14
       Falchion          |       |     2 |    22 |       ||    24
 Cast: Magic Dart        |    53 |   152 |   415 |    92 ||   712
       Call Imp          |     3 |    12 |    10 |    14 ||    39
       Conjure Flame     |       |     5 |    23 |    18 ||    46
       Mephitic Cloud    |       |       |    10 |     6 ||    16
       Blink             |       |       |     1 |       ||     1
 Abil: Hop               |     1 |     1 |     3 |     1 ||     6
Evoke: Wand              |       |       |    10 |       ||    10
  Use: Scroll            |       |     4 |     3 |     3 ||    10
       Potion            |       |       |     4 |       ||     4
  Eat: Chunk             |     5 |    13 |    13 |     3 ||    34
       Ration            |       |       |     2 |       ||     2
Armor: Robe              |    12 |     7 |    17 |     5 ||    41
Dodge: Dodged            |    42 |    42 |    64 |    18 ||   166
       Rpst.: Falchion   |       |       |     8 |       ||     8

Table legend:
 A = Spawn XP
 B = Non-spawn XP
 C = Spawn XP percentage of total XP
 D = Spawn monster count
 E = Non-spawn monster count
 F = Spawn count percentage of total count
 G = Total turns spent on level
                    A         B        C        D         E        F      G
               +---------+---------+-------+---------+---------+-------+---------
         Total |       0 |    6119 |   0.0 |       0 |     194 |   0.0 | 13285
               +---------+---------+-------+---------+---------+-------+---------
           D:1 |       0 |      38 |   0.0 |       0 |      17 |   0.0 |  2193
           D:2 |       0 |     109 |   0.0 |       0 |      22 |   0.0 |   979
           D:3 |       0 |     226 |   0.0 |       0 |      18 |   0.0 |  1244
           D:4 |       0 |     445 |   0.0 |       0 |      26 |   0.0 |  2359
           D:5 |       0 |     945 |   0.0 |       0 |      28 |   0.0 |  2200
           D:6 |       0 |    1358 |   0.0 |       0 |      30 |   0.0 |  1373
           D:7 |       0 |    1235 |   0.0 |       0 |      20 |   0.0 |  1534
           D:8 |       0 |    1763 |   0.0 |       0 |      33 |   0.0 |  1284
               +---------+---------+-------+---------+---------+-------+---------
